 Dungeon Crawl Stone Soup version 0.32-a0-540-g866d13106e (webtiles) character file.

Game seed: 18354572276816271383

255569 jasper the Skinwalker (level 20, -7/264 HPs)
             Began as a Merfolk Shapeshifter on Feb 28, 2024.
             Was the Champion of Okawaru.
             Mangled by a bog body (21 damage)
             ... while paralysed by a fenstrider witch
             ... on level 2 of the Swamp.
             The game lasted 00:51:36 (33834 turns).

jasper the Skinwalker (Merfolk Shapeshifter)       Turns: 33834, Time: 00:51:37

Health: -7/264     AC: 19    Str: 25    XL:     20   Next: 21%
Magic:  0/26       EV:  0    Int: 10    God:    Okawaru [******]
Gold:   3817       SH:  0    Dex: 21    Spells: 19/19 levels left

rFire   + +          .
                       - Unarmed
rCold   . . .        (shield currently unavailable)
rNeg    . . .        w - melded +3 robe of Jehap {Dex+4}
rPois   +            l - melded +2 helmet
rElec   .            Z - melded +0 cloak
rCorr   .            O - melded +2 pair of gloves "Bidwohif" {rF+ Regen+ rCorr}
SInv    .            A - melded +1 pair of boots
Will    +....        e - amulet of guardian spirit
Stlth   ++           q - +4 ring of protection
HPRegen 0.64/turn    i - ring of protection from cold
MPRegen 0.20/turn

%: guardian spirit
@: paralysed, dragon-form, flying, slowed, studying Unarmed Combat
A: dragon claw, dragon scales, breathe fire, flying, boosted hp, giant, (nimble
swimmer 2), (mertail)
}: 1/15 runes: serpentine
a: Breathe Fire, Begin Untransformation, Renounce Religion, Heroism, Finesse,
Duel


You were on level 2 of the Swamp.
You worshipped Okawaru.
Okawaru was exalted by your worship.
You were a fearsome dragon!
You visited 6 branches of the dungeon, and saw 29 of its levels.
You also visited: Bailey and Volcano.

You collected 4207 gold pieces.
You spent 390 gold pieces at shops.

Inventory:

Missiles
 b - 11 silver javelins
 g - 6 curare-tipped darts
 h - 8 darts of dispersal
 K - 2 throwing nets (quivered)
Armour
 l - a +2 helmet (melded)
 w - the +3 robe of Jehap (melded) {Dex+4}
   (You found it on level 4 of the Dungeon)

   Dex+4:     It affects your dexterity (+4).
 A - a +1 pair of boots (melded)
 J - a +2 kite shield of protection
 O - the +2 pair of gloves "Bidwohif" (melded) {rF+ Regen+ rCorr}
   (Okawaru gifted it to you on level 1 of the Lair of Beasts)

   rF+:       It protects you from fire.
   Regen+:    It increases your rate of health regeneration.
   rCorr:     It protects you from acid and corrosion.
 Z - a +0 cloak (melded)
Jewellery
 e - an amulet of guardian spirit (around neck)
 i - a ring of protection from cold (right foreclaw)
 k - a ring of willpower
 q - a +4 ring of protection (left foreclaw)
 s - a ring of resist corrosion
 t - a ring of positive energy
 D - the ring of Gaczonwu {rF++ Will+ Str-2 Dex+3 Slay+2}
   (You found it on level 13 of the Dungeon)

   [ring of willpower]

   Str-2:     It affects your strength (-2).
   Dex+3:     It affects your dexterity (+3).
   Slay+2:    It affects your accuracy & damage with ranged weapons and melee
   (+2).
   rF++:      It greatly protects you from fire.
   Will+:     It increases your willpower.
 I - the ring "Tyonuej" {Fly Dex+4 Stlth+}
   (You found it in a bailey)

   [ring of flight]

   Dex+4:     It affects your dexterity (+4).
   Fly:       It grants you flight.
   Stlth+:    It makes you more stealthy.
 L - a +4 ring of slaying
Talismans
 d - a flux talisman
 W - a dragon-blood talisman (active)
Wands
 a - a wand of iceblast (14)
 c - a wand of paralysis (28)
 x - a wand of acid (13)
 C - a wand of digging (9)
 N - a wand of flame (95)
 S - a wand of mindburst (22)
Scrolls
 m - 6 scrolls of identify
 u - 6 scrolls of immolation
 y - 3 scrolls of poison
 B - 3 scrolls of enchant weapon
 E - 9 scrolls of teleportation
 G - 6 scrolls of fear
 M - 6 scrolls of vulnerability
 T - 2 scrolls of blinking
 U - a scroll of torment
 X - 3 scrolls of revelation
Potions
 f - 3 potions of brilliance
 j - 6 potions of attraction
 n - a potion of resistance
 o - 8 potions of degeneration
 p - 3 potions of cancellation
 r - 3 potions of invisibility
 v - 3 potions of enlightenment
 z - 9 potions of curing
 F - 10 potions of might
 H - 5 potions of mutation
 P - 3 potions of ambrosia
 Q - 5 potions of haste
 R - 6 potions of lignification
 V - 7 potions of heal wounds
Miscellaneous
 Y - a condenser vane (inert)


   Skills:
 - Level 20.0 Fighting
 - Level 20.0 Dodging
 - Level 21.0 Unarmed Combat
 - Level 8.2 Invocations
 - Level 5.0 Evocations
 + Level 21.4 Shapeshifting


You had 19 spell levels left.
You didn't know any spells.
Your spell library contained the following spells:

 Spells                   Type           Power      Damage    Failure   Level
 Apportation              Tloc           0%         N/A       36%         1
 Foxfire                  Conj/Fire      0%         2x1d4     36%         1
 Magic Dart               Conj           0%         1d3       36%         1
 Necrotise                Necr           0%         1d4       36%         1
 Slow                     Hex            0%         N/A       36%         1
 Sting                    Conj/Alch      0%         1d3       36%         1
 Blink                    Tloc           0%         N/A       50%         2
 Ensorcelled Hibernation  Hex/Ice        0%         N/A       50%         2
 Mercury Vapours          Alch/Air       0%         N/A       50%         2
 Searing Ray              Conj           0%         2d4       50%         2
 Confusing Touch          Hex            0%         N/A       75%         3
 Fugue of the Fallen      Necr           0%         N/A       75%         3
 Gell's Gravitas          Tloc           0%         N/A       75%         3
 Inner Flame              Hex/Fire       0%         N/A       75%         3
 Passwall                 Erth           0%         N/A       75%         3
 Sigil of Binding         Hex            0%         N/A       75%         3
 Swiftness                Air            0%         N/A       75%         3
 Teleport Other           Tloc           0%         N/A       75%         3
 Vampiric Draining        Necr           0%         2d6       75%         3
 Anguish                  Hex/Necr       0%         N/A       98%         4
 Brom's Barrelling Bould  Conj/Erth      0%         2d3       98%         4
 Dimensional Bullseye     Hex/Tloc       0%         N/A       98%         4
 Fulminant Prism          Conj/Alch      0%         3d5       98%         4
 Iskenderun's Mystic Bla  Conj/Tloc      0%         2d3       98%         4
 Olgreb's Toxic Radiance  Alch           0%         N/A       98%         4
 Fireball                 Conj/Fire      0%         3d3       100%        5
 Iskenderun's Battlesphe  Conj           0%         2d6       100%        5
 Conjure Ball Lightning   Conj/Air       0%         3x3d6     100%        6
 Dispersal                Tloc           0%         N/A       100%        6
 Starburst                Conj/Fire      0%         6d3       100%        6
 Orb of Destruction       Conj           0%         9d5       100%        7
 Borgnjor's Revivificati  Necr           0%         N/A       100%        8
 Discord                  Hex            0%         N/A       100%        8
 Death's Door             Necr           0%         N/A       100%        9
 Summon Small Mammal      Summ           Unusable   N/A       N/A         1
 Call Imp                 Summ           Unusable   N/A       N/A         2
 Tukima's Dance           Hex            Unusable   N/A       N/A         3
 Haunt                    Necr/Summ      Unusable   N/A       N/A         7

Dungeon Overview and Level Annotations

Branches:
Dungeon (15/15)            Temple (1/1) D:7            Lair (5/5) D:8
  Swamp (2/4) Lair:2        Snake (4/4) Lair:3        Slime (0/5) Lair:5
    Orc (2/2) D:10            Elf (0/3) Orc:2        Vaults (0/5) D:14
 Depths (0/4) D:15         Bailey (visited)         Volcano (visited)

Altars:
Ashenzari
Cheibriados
Dithmenos
Elyvilon
Fedhas
Gozag
Hepliaklqana
Kikubaaqudgha
Makhleb
Nemelex Xobeh
Okawaru
Qazlal
Ru
Sif Muna
Trog
Uskayaw
Vehumet
Wu Jian
Xom
Yredelemnul
Zin
The Shining One
Jiyva

Shops:
D:13 :   Orc:2 ::!

Portals:
Trove: D:12 (give +5 demon blade)

Annotations:
D:15 1 runed translucent door, Consumeair16's ghost, journeyman MDMo
Lair:3 exclusion: oklob plant
Lair:5 3 runed translucent doors, croobank's ghost, journeyman FeSu


Innate Abilities, Weirdness & Mutations

You are a fearsome dragon!
You have a powerful clawing attack.
Your giant scaled body is strong and resilient, but less evasive.
You can breathe fire.
You are flying.
Your maximum health is greatly increased.
Your armour is entirely melded.
You are incapable of wielding weapons or throwing items.
((You are very nimble when in or above water. (Stealth+, EV+, Speed+++)))
((Your lower body shifts to a powerful aquatic tail in water.))


Message History

You writhe in agony!
The fenstrider witch closely misses you.
The bog body touches you but does no damage. x2
You take 12 damage, and have 116/264 hp.
You now have 12/26 mp.
You barely miss the bunyip zombie.
Flame seeps out of the bunyip zombie.
You tail-slap the bunyip zombie.
The bunyip zombie is lightly damaged.
The fenstrider witch is engulfed in blazing flames.
Flame seeps out of the fenstrider witch.
The fenstrider witch points at you and mumbles some strange words.
You suddenly lose the ability to move!
The bog body touches you. The bog body freezes you!
The bog body touches you but does no damage.
The fenstrider witch is engulfed in blazing flames.
Flame seeps out of the fenstrider witch.
The fenstrider witch hits you with a +2 quick blade of pain!
You writhe in agony!
The fenstrider witch hits you with a +2 quick blade of pain!
* * * LOW HITPOINT WARNING * * *
You writhe in agony.
* * * LOW HITPOINT WARNING * * *
The fenstrider witch kicks you but does no damage.
The fenstrider witch is engulfed in blazing flames.
Flame seeps out of the fenstrider witch.
The fenstrider witch hits you but does no damage.
You writhe in agony!
* * * LOW HITPOINT WARNING * * *
The fenstrider witch hits you but does no damage.
You writhe in agony.
* * * LOW HITPOINT WARNING * * *
The fenstrider witch kicks you!
* * * LOW HITPOINT WARNING * * *
The bog body points at you and mumbles some strange words.
The bolt of cold hits you!!
* * * LOW HITPOINT WARNING * * *
The bog body touches you!
* * * LOW HITPOINT WARNING * * *
The bog body freezes you!!
You die...

##### ##⌠_⌠## #$÷.†:#
#.~~..# #..~~.#
#$ZnnZ#♣♣♣ ♣♣♣♣♣
##ZHn##..♣ ♣.....
#.○Dn≈#~.♣ ♣♣...~~
~~§#≈~.~~#~~♣♣♣♣♣.~~.~~
~~~~.~~~~##~~...♣♣.~~..>
.~~~.#..~§#~~~...~.~§..~
♣♣♣
...~.§#∩~≈~~~~.......~.~
♣♣♣~♣♣♣♣
.~~~......$~~..~~.....~~
♣.~~~..♣
.~~§~~~...~~~.~~~~....~~
.§~~~~.♣
♣~..~~~~.....♣♣.~~~....~
.~§~~~.♣
~♣~.~~.♣♣...♣♣~..~~.♣♣.


You could see a fenstrider witch (inner flame), 4 bog bodies, a spriggan
berserker simulacrum (inner flame) and 2 bunyip zombies.

Vanquished Creatures
  Vashnia (Snake:3)
  Gastronok (Lair:2)
  8 nagarajas
  An orc warlord (Bailey)
  3 eleionomae
  A bunyip (Swamp:1)
  Snorg (Lair:5)
  An entropy weaver (D:14)
  A vault guard (D:14)
  7 salamander tyrants
  17 hydras
  A ghost crab (Swamp:2)
  2 ice dragons (D:15)
  4 centaur warriors
  3 death knights
  3 catoblepae (Lair:5)
  5 alligators
  19 anacondas
  10 two-headed ogres
  22 death yaks
  A boulder beetle (D:13)
  3 orc high priests (Orc:2)
  6 shock serpents
  2 demonic crawlers (Lair:5)
  11 naga warriors
  17 naga sharpshooters
  Urug (D:11)
  Amaemon (Lair:2)
  A skeletal warrior (D:14)
  A sea snake (Snake:2)
  A bunyip zombie (Swamp:2)
  2 goliath frogs (Swamp:2)
  12 salamander mystics
  7 mana vipers
  A swamp dragon (Swamp:2)
  7 naga ritualists
  An arcanist (D:13)
  A phantasmal warrior (D:14)
  5 orc knights
  2 bog bodies
  Pikel (D:5)
  2 deep elf archers (Volcano)
  8 deep elf pyromancers
  5 orc sorcerers
  An oklob plant (Lair:5)
  23 salamanders
  5 cyclopes
  A will-o-the-wisp (Swamp:1)
  10 ugly things
  29 black mambas
  6 manticores
  5 kobold blastminers
  15 naga magi
  4 elephants
  7 guardian serpents
  An orange demon (Lair:2)
  2 gargoyles
  An unseen horror (D:10)
  11 cane toads
  4 rime drakes
  Maggie (D:6)
  A freezing wraith (D:14)
  7 komodo dragons
  An efreet (D:14)
  6 trolls
  5 tyrant leeches
  4 polar bears
  Prince Ribbit (Lair:2)
  7 hornets
  20 blink frogs
  5 slime creatures (D:12)
  A centaur simulacrum (D:15)
  7 spriggans
  2 wraiths
  A shadow (D:7)
  4 fire elementals (Volcano)
  A vampire (D:8)
  3 wyverns
  3 basilisks
  63 yaks
  Grum (Lair:1)
  A steam dragon (D:8)
  3 wargs (Orc:1)
  Menkaure (D:6)
  9 vampire mosquitoes
  43 nagas
  4 acid dragons
  18 water moccasins
  11 swamp worms
  6 hell hounds (Volcano)
  24 orc warriors
  A meliai simulacrum (D:14)
  4 black bears
  A sky beast (shapeshifter) (D:14)
  3 sky beasts
  A hornet zombie (Swamp:2)
  3 swamp drakes (Swamp:1)
  3 ogres (Orc:1)
  2 laughing skulls (D:14)
  3 boggarts (D:14)
  21 wolves
  5 centaurs
  A swamp dragon skeleton (Swamp:2)
  2 phantoms
  A lemure (D:5)
  3 kobold brigands (D:8)
  9 bullfrogs
  2 gnoll sergeants (D:8)
  2 scorpions
  12 wights
  29 killer bees
  2 electric eels (Lair:1)
  4 howler monkeys
  A lava snake (Snake:3)
  5 jellies
  5 hounds
  15 orc priests
  4 sleepcaps
  3 gnoll boudas
  Jessica (D:2)
  Ijyb (D:5)
  2 iguanas
  15 orc wizards
  17 gnolls
  4 adders (D:4)
  3 shadow imps
  3 white imps
  2 ufetubi (D:5)
  4 dart slugs
  2 ribbon worms (D:2)
  65 orcs
  4 endoplasms
  3 giant cockroaches
  13 goblins
  16 hobgoblins
  5 jackals
  6 quokkas
  7 ball pythons
  32 bats
  20 kobolds
  A rat (D:1)
972 creatures vanquished.

Vanquished Creatures (others)
  A bloated husk (Swamp:2)
  An orc wizard (D:14)
  2 orcs
  2 foxfires (Swamp:1)
6 creatures vanquished.

Grand Total: 978 creatures vanquished

Notes
Turn   | Place    | Note
-------+----------+-------------------------------------------
     0 | D:1      | jasper the Merfolk Shapeshifter began the quest for the
                  | Orb.
     0 | D:1      | Reached XP level 1. HP: 15/15 MP: 1/1
   310 | D:1      | Reached XP level 2. HP: 21/21 MP: 2/2
   514 | D:1      | HP: 1/22 [hobgoblin (3)]
   518 | D:1      | Reached XP level 3. HP: 2/27 MP: 3/3
   894 | D:1      | Identified a scroll of acquirement
   894 | D:1      | Acquired the +2 pair of gloves of the Known World {Will+
                  | rCorr}
   930 | D:2      | Noticed Jessica
   937 | D:2      | Killed Jessica
   943 | D:2      | Reached XP level 4. HP: 16/33 MP: 4/4
  1109 | D:2      | Acquired a manual of Unarmed Combat
  2363 | D:4      | Noticed a scorpion
  2375 | D:4      | Killed a scorpion
  2376 | D:4      | Reached skill level 5 in Shapeshifting
  2376 | D:4      | Reached XP level 5. HP: 40/40 MP: 5/5
  2549 | D:4      | Reached skill level 5 in Unarmed Combat
  2627 | D:4      | Reached XP level 6. HP: 44/47 MP: 6/6
  2748 | D:4      | Noticed a black bear
  2760 | D:4      | Killed a black bear
  2761 | D:4      | Reached skill level 5 in Dodging
  2995 | D:4      | Found a burning altar of Makhleb.
  3324 | D:4      | Identified the +3 robe of Jehap {Dex+4}
  3468 | D:5      | Entered Level 5 of the Dungeon
  3473 | D:5      | Reached XP level 7. HP: 53/53 MP: 7/7
  3779 | D:5      | Noticed Ijyb
  3796 | D:5      | Killed Ijyb
  4309 | D:5      | Noticed Pikel
  4323 | D:5      | Killed Pikel
  4324 | D:5      | Reached skill level 5 in Fighting
  4324 | D:5      | Reached XP level 8. HP: 45/63 MP: 8/8
  5088 | D:6      | Noticed Menkaure
  5091 | D:6      | Killed Menkaure
  5243 | D:6      | Noticed Maggie
  5252 | D:6      | Killed Maggie
  5253 | D:6      | Reached XP level 9. HP: 69/69 MP: 9/9
  5400 | D:6      | Found a shadowy altar of Dithmenos.
  5429 | D:6      | Found a basalt altar of Yredelemnul.
  5430 | D:6      | Found an iron altar of Okawaru.
  5905 | D:7      | Found a staircase to the Ecumenical Temple.
  5920 | Temple   | Entered the Ecumenical Temple
  6013 | D:6      | Became a worshipper of Warmaster Okawaru
  6201 | D:7      | Found a white marble altar of Elyvilon.
  6204 | D:7      | Found a shimmering blue altar of Sif Muna.
  6220 | D:7      | Found an opulent altar of Gozag.
  6234 | D:7      | Found a stormy altar of Qazlal.
  6266 | D:7      | Reached skill level 10 in Unarmed Combat
  6499 | D:8      | Reached skill level 1 in Evocations
  6569 | D:8      | Reached skill level 1 in Invocations
  6590 | D:8      | Reached * piety under Okawaru
  6634 | D:8      | Reached XP level 10. HP: 62/79 MP: 11/11
  6736 | D:8      | Noticed a two-headed ogre
  6754 | D:8      | Killed a two-headed ogre
  7108 | D:8      | Noticed a two-headed ogre
  7114 | D:8      | Killed a two-headed ogre
  7114 | D:8      | Reached ** piety under Okawaru
  7214 | D:8      | Noticed a two-headed ogre
  7226 | D:8      | Killed a two-headed ogre
  7227 | D:8      | Reached skill level 10 in Dodging
  7230 | D:8      | Noticed a gargoyle
  7239 | D:8      | Reached *** piety under Okawaru
  7488 | D:8      | Reached skill level 10 in Shapeshifting
  7552 | D:8      | Reached XP level 11. HP: 82/87 MP: 13/13
  7570 | D:8      | Found a staircase to the Lair.
  8242 | D:8      | Reached skill level 5 in Evocations
  8401 | D:8      | Reached **** piety under Okawaru
  8675 | D:9      | Noticed a two-headed ogre
  8683 | D:9      | Killed a two-headed ogre
  8697 | D:9      | Found a flagged portal.
  8749 | Bailey   | Entered a bailey
  8775 | Bailey   | Noticed an orc warlord
  8888 | Bailey   | Reached ***** piety under Okawaru
  8928 | Bailey   | Found a runed translucent gate.
  8944 | Bailey   | Found a runed translucent gate.
  8946 | Bailey   | Found a runed translucent gate.
  9214 | Bailey   | Killed an orc warlord
  9256 | Bailey   | Identified the ring "Tyonuej" {Fly Dex+4 Stlth+}
  9270 | Bailey   | Acquired a manual of Unarmed Combat
  9410 | D:9      | Identified the +1 plate armour "Nostriddu" {Harm Rampage
                  | rF-}
  9923 | D:10     | Entered Level 10 of the Dungeon
  9923 | D:10     | Noticed a two-headed ogre
  9930 | D:10     | Killed a two-headed ogre
 10033 | D:10     | Reached XP level 12. HP: 89/97 MP: 14/14
 10088 | D:10     | Reached skill level 10 in Fighting
 10106 | D:10     | Received a gift from Okawaru
 10169 | D:10     | Found a staircase to the Orcish Mines.
 10192 | D:10     | Noticed a two-headed ogre
 10203 | D:10     | Killed a two-headed ogre
 10597 | D:10     | Noticed a two-headed ogre
 10605 | D:10     | Killed a two-headed ogre
 11363 | D:11     | Noticed Urug
 11380 | D:11     | Killed Urug
 11381 | D:11     | Reached skill level 15 in Unarmed Combat
 12222 | Lair:1   | Entered Level 1 of the Lair of Beasts
 12337 | Lair:1   | Received a gift from Okawaru
 12443 | Lair:1   | Noticed Grum
 12466 | Lair:1   | Killed Grum
 12675 | Lair:1   | Noticed a four-headed hydra
 12702 | Lair:1   | Killed a four-headed hydra
 12732 | Lair:1   | Noticed an eight-headed hydra
 12736 | Lair:1   | Killed an eight-headed hydra
 12848 | Lair:1   | Reached XP level 13. HP: 82/106 MP: 13/15
 12868 | Lair:1   | Reached ****** piety under Okawaru
 12869 | Lair:1   | Acquired the +1 quick blade "Rodepawn" {heavy, rElec rC+}
 12869 | Lair:1   | Received a gift from Okawaru
 12871 | Lair:1   | Acquired the +2 pair of gloves "Bidwohif" {rF+ Regen+
                  | rCorr}
 12871 | Lair:1   | Received a gift from Okawaru
 13188 | Lair:2   | Noticed Amaemon
 13274 | Lair:2   | Received a gift from Okawaru
 13367 | Lair:2   | Noticed Prince Ribbit
 13374 | Lair:2   | Killed Prince Ribbit
 13482 | Lair:2   | Killed Amaemon
 13531 | Lair:2   | Noticed Gastronok
 13551 | Lair:2   | Killed Gastronok
 13586 | Lair:2   | Found a staircase to the Swamp.
 13650 | Lair:2   | Reached skill level 5 in Invocations
 13741 | Lair:2   | Received a gift from Okawaru
 14848 | Lair:3   | Found a staircase to the Snake Pit.
 15377 | Lair:4   | Reached XP level 14. HP: 100/115 MP: 16/20
 15382 | Lair:4   | Received a gift from Okawaru
 15523 | Lair:4   | Reached skill level 15 in Dodging
 15760 | Lair:4   | Received a gift from Okawaru
 16285 | Lair:5   | Entered Level 5 of the Lair of Beasts
 16684 | Lair:5   | Received a gift from Okawaru
 16723 | Lair:5   | Found a staircase to the Slime Pits.
 16732 | Lair:5   | Found a runed translucent gate.
 16732 | Lair:5   | Found a runed translucent gate.
 16732 | Lair:5   | Found a runed translucent gate.
 16736 | Lair:5   | Noticed croobank's ghost (journeyman FeSu)
 16738 | Lair:5   | Found a viscous altar of Jiyva.
 16738 | Lair:5   | Identified the +6 glaive "Raron" {elec, Int+5}
 16761 | Lair:5   | Acquired 418 gold pieces
 17160 | Lair:5   | Received a gift from Okawaru
 17250 | Lair:5   | Reached XP level 15. HP: 112/125 MP: 17/21
 17573 | Lair:5   | Noticed Snorg
 17592 | Lair:5   | Killed Snorg
 17592 | Lair:5   | Received a gift from Okawaru
 18323 | Orc:1    | Entered Level 1 of the Orcish Mines
 18509 | Orc:1    | Found a dark tunnel.
 18524 | Volcano  | Entered a volcano
 18650 | Volcano  | Received a gift from Okawaru
 19114 | Orc:1    | Reached skill level 15 in Fighting
 19358 | Orc:2    | Entered Level 2 of the Orcish Mines
 19900 | Orc:2    | Reached skill level 15 in Shapeshifting
 19925 | Orc:2    | Received a gift from Okawaru
 20045 | Orc:2    | Found Ecido's Book Boutique.
 20045 | Orc:2    | Found Ekkyosar's Book Emporium.
 20047 | Orc:2    | Found Boext's Antique Weapon Boutique.
 20047 | Orc:2    | Found Diesm's Distillery.
 20056 | Orc:2    | Bought a potion of haste for 130 gold pieces
 20056 | Orc:2    | Bought 2 potions of curing for 78 gold pieces
 20056 | Orc:2    | Bought a potion of might for 52 gold pieces
 20056 | Orc:2    | Bought a potion of lignification for 39 gold pieces
 20056 | Orc:2    | Bought a potion of might for 52 gold pieces
 20056 | Orc:2    | Bought a potion of curing for 39 gold pieces
 20138 | Orc:2    | Found a staircase to the Elven Halls.
 20599 | D:12     | Found a portal to a secret trove of treasure.
 21004 | D:12     | Got Fuczewef's Book of Enchanted Assaults
 21240 | D:13     | Reached XP level 16. HP: 136/136 MP: 17/22
 21349 | D:13     | Received a gift from Okawaru
 21479 | D:13     | Found Zare's Vocational Training.
 21616 | D:13     | Identified the ring of Gaczonwu {rF++ Will+ Str-2 Dex+3
                  | Slay+2}
 21715 | D:13     | Acquired 541 gold pieces
 22681 | D:14     | Reached XP level 17. HP: 142/142 MP: 23/23
 22682 | D:14     | Reached XP level 18. HP: 149/149 MP: 24/24
 23049 | D:14     | Received a gift from Okawaru
 23468 | D:14     | Found a gate to the Vaults.
 23714 | D:15     | Entered Level 15 of the Dungeon
 23932 | D:15     | Found a staircase to the Depths.
 24220 | D:15     | Found a runed translucent door.
 24229 | D:15     | Identified the +6 spear "Sarcophage" {distort, rPois Str+3}
 24229 | D:15     | Noticed Consumeair16's ghost (journeyman MDMo)
 24826 | Snake:1  | Entered Level 1 of the Snake Pit
 25642 | Snake:1  | Found a transporter.
 25645 | Snake:1  | Found a shimmering blue altar of Sif Muna.
 25872 | Snake:1  | Received a gift from Okawaru
 26176 | Snake:1  | Found a transporter.
 26609 | Snake:2  | Received a gift from Okawaru
 27138 | Snake:2  | Found an opulent altar of Gozag.
 27235 | Snake:2  | Reached XP level 19. HP: 159/159 MP: 21/25
 28532 | Snake:3  | Noticed Vashnia
 28726 | Snake:3  | Killed Vashnia
 29312 | Snake:3  | Received a gift from Okawaru
 29721 | Snake:4  | Entered Level 4 of the Snake Pit
 30714 | Snake:4  | Received a gift from Okawaru
 30724 | Snake:4  | HP: 2/252 [nagaraja/+0 club (30)]
 31924 | Snake:4  | Found an iron altar of Okawaru.
 31937 | Snake:4  | Got a serpentine rune of Zot
 32318 | Swamp:1  | Entered Level 1 of the Swamp
 32330 | Swamp:1  | Received a gift from Okawaru
 32691 | Swamp:1  | Reached XP level 20. HP: 176/176 MP: 23/26
 33827 | Swamp:2  | Found an ancient bone altar of Kikubaaqudgha.
 33833 | Swamp:2  | Paralysed by a fenstrider witch for 5 turns
 33834 | Swamp:2  | Mangled by a bog body

Illustrated notes

Levels and vault maps discovered:
D:1:      ncdulo_halloftheorcs, layout_loops_ring, nicolae_figureground_sparkle
D:2:      layout_basic, uniq_jessica
D:3:      layout_rooms
D:4:      minmay_recursive_quarters, layout_basic,
          mainiacjoe_overflow_small_starburst, chequers_garden
D:5:      cheibrodos_quashed, layout_layer_cave, serial_glass, glass_columns_c,
          glass_columns_a, glass_columns_c, glass_columns_a, glass_columns_c,
          glass_columns_a, grunt_tough_drop, uniq_ijyb, uniq_pikel
D:6:      layout_rooms, kennysheep_mini_moat, gammafunk_temple_overflow_pools,
          minivault_5, uniq_menkaure, uniq_maggie
D:7:      layout_rooms, grunt_temple_overflow_cloverleaf,
          minmay_temple_entry_junction_2, serial_park_tiny_2, minivault_23
D:8:      minmay_imperfect_grid, layout_loops_corners, hangedman_decor_points,
          kennysheep_generic_room_6
D:9:      layout_loops_ring, enter_bailey_4, corexii_leaking_fountain
D:10:     layout_irregular_city, david_orc_2, small_statue_intersection,
          minmay_crystal_room, minmay_hedge_maze
D:11:     layout_loops_ring, uniq_urug
D:12:     layout_big_octagon, enter_trove_0
D:13:     layout_grid_maze, nicolae_shop_vocational
D:14:     layout_long_grid, hellmonk_vaults_order_and_chaos,
          minmay_misc_feat_iff
D:15:     grunt_enter_depths_hoard, layout_cave_pools, hangedman_decor_lopped,
          ebering_ghost_funeral_grove
Temple:   zaba_magenta_temple
Lair:1:   layout_hall_layers, nicolae_lair_grove_arrangements,
          pdpol_lair_cavern_descent, uniq_grum
Lair:2:   layout_roguey, swamp_mist_pool, beast_lair_carwin_8,
          grunt_megastairs_3, uniq_gastronok, uniq_prince_ribbit2, uniq_amaemon
Lair:3:   layout_regular_city, guppyfry_snake_entry_island
Lair:4:   layout_roguey, grunt_forest_stairs_clearing
Lair:5:   evilmike_catoblepas_cave, layout_loops_ring,
          nicolae_slime_entry_field_trip, maelrawn_ghost_gauntlet_escape,
          worms_lemuel, uniq_snorg
Swamp:1:  layout_basic_swamp, nicolae_swamp_decorative_isthmus, swamp_pool_1_2
Swamp:2:  layout_basic_swamp, infiniplex_staircase_pool, swamp_pool_4,
          beargit_kiku_chapel
Snake:1:  gammafunk_sealed_library, layout_gridlike, grunt_megastairs_2
Snake:2:  nicolae_snake_unarmed_stairs_patrol, layout_layer_cave, basic_altar
Snake:3:  layout_misc_corridors, nicolae_snake_salamander_fort, uniq_vashnia
Snake:4:  grunt_snake_rune_serpentine_throne, layout_cave_town
Orc:1:    layout_caves, enter_volcano_1, blackcustard_mines_bat_river
Orc:2:    grunt_orc_tribal_feast, layout_diamond_mine

Skill      XL: |  1  2  3  4  5  6  7  8  9 10 11 12 13 14 15 16 17 18 19 20 |
---------------+-------------------------------------------------------------+-----
Dodging        | 3 4 5 7 9 10 12 13 14 16 17 19 20 | 20.0
Fighting       | 2 3 5 6 7 8 9 11 12 13 15 16 20 | 20.0
Unarmed Combat | 4 5 6 8 9 10 12 14 15 16 19 20 21 | 21.0
Shapeshifting  | 5 7 8 10 11 12 14 16 17 18 19 20 21 | 21.4
Evocations     | 2 4 5 |  5.0
Invocations    | 2 3 8 |  8.2

Action                     |  1- 3 |  4- 6 |  7- 9 | 10-12 | 13-15 | 16-18 | 19-21 || total
---------------------------+-------+-------+-------+-------+-------+-------+-------++-------
  Melee: Unarmed           |    72 |   169 |   256 |   623 |  1290 |   330 |   412 ||  3152
         Punch             |       |     4 |     4 |       |     4 |    45 |    55 ||   112
         Tailslap          |       |       |       |     4 |    12 |    63 |    71 ||   150
         Bite              |       |       |       |       |     2 |    43 |    65 ||   110
  Throw: Stone             |     5 |    13 |    24 |       |       |       |       ||    42
 Invoke: Heroism           |       |       |       |     5 |     1 |       |       ||     6
         Receive Weapon    |       |       |       |       |     1 |       |       ||     1
         Receive Armour    |       |       |       |       |     1 |       |       ||     1
         Finesse           |       |       |       |       |     2 |     2 |     2 ||     6
Ability: Breathe Fire      |       |       |       |       |     1 |       |     2 ||     3
  Evoke: Wand              |       |       |     5 |    20 |     4 |     1 |     1 ||    31
         Condenser vane    |       |       |       |     1 |     1 |       |     2 ||     4
    Use: Scroll            |     1 |     6 |     7 |    17 |     7 |     3 |     5 ||    46
         Potion            |       |       |     1 |       |       |     2 |     3 ||     6
   Stab: Sleeping          |     1 |     4 |     1 |       |       |       |       ||     6
         Distracted        |       |       |     1 |       |       |       |     1 ||     2
         Confused          |       |       |       |       |     1 |       |       ||     1
 Armour: Animal skin       |    40 |    66 |       |       |       |       |       ||   106
         Robe              |       |     1 |    54 |       |       |       |       ||    55
         Skin              |       |       |    33 |   194 |   438 |   234 |   346 ||  1245
  Dodge: Dodged            |    43 |   128 |   210 |   684 |  1515 |   258 |   359 ||  3197
   Form: Flux              |       |       |     1 |       |       |       |       ||     1
         Dragon            |       |       |       |       |     1 |       |       ||     1

Table legend: (Time is in decaauts)
 A = Elapsed time spent in this place.
 B = Non-inter-level travel time spent in this place.
 C = Inter-level travel time spent in this place.
 D = Time resting spent in this place.
 E = Time spent auto-exploring this place.
 F = Levels seen in this place.
 G = Mean time per level.
                   A        B        C        D        E       F      G
               +--------+--------+--------+--------+--------+-----+--------+
         Total |  32740 |  30666 |   2074 |   2325 |  22116 |  31 | 1056.1 |
       Dungeon |  15933 |  14604 |   1329 |    685 |  11158 |  15 | 1062.2 |
        Temple |     13 |     12 |      1 |      0 |      0 |   1 |   13.0 |
          Lair |   5956 |   5526 |    430 |    415 |   3775 |   5 | 1191.2 |
         Swamp |   1260 |   1255 |      5 |      8 |    967 |   2 |  630.0 |
     Snake Pit |   7193 |   6957 |    236 |   1008 |   4956 |   4 | 1798.2 |
  Orcish Mines |   1599 |   1527 |     72 |    171 |    897 |   2 |  799.5 |
        Bailey |    494 |    494 |      0 |     19 |    253 |   1 |  494.0 |
       Volcano |    288 |    288 |      0 |     18 |    110 |   1 |  288.0 |
               +--------+--------+--------+--------+--------+-----+--------+

Top non-repeatable levels by time:
     D:8: 2476 daAuts
 Snake:4: 2379 daAuts
 Snake:2: 2318 daAuts
    D:14: 1586 daAuts
     D:5: 1571 daAuts
  Lair:5: 1437 daAuts
    D:10: 1427 daAuts
 Snake:1: 1386 daAuts
  Lair:2: 1222 daAuts
  Lair:4: 1190 daAuts
     D:4: 1130 daAuts
  Lair:3: 1114 daAuts
 Snake:3: 1109 daAuts
  Lair:1: 992 daAuts
    D:13: 987 daAuts
